AoeStats
← saksafon calan penguen

Golden Pit

509613874Analyzed
1v1 RM · 4d ago on Sep 27, 2026· 71m 41s· 2 players
Game mode
Random Map
Map size
Tiny (2 player)
Population
200
Speed
Normal
Resources
Standard
Victory
Conquest
Starting age
Dark Age
Ending age
Imperial Age
RankedLock teamsTeams togetherTeam positionsShared explorationLock speedFull tech treeHidden civsTurbo modeCheats
Victory
Defeat
🇹🇷 Maya · Türkiye
803
+16
🇪🇸 Franks · Spain
810
-16
saksafon calan penguen
0:37 Loom
11:16 Feudal Age
23:53 Castle Age
22:43 Fletching
22:39 Double-Bit Axe
23:14 Horse Collar
25:12 Squires
25:21 Crossbowman
27:50 Eagle Warrior
34:42 Bodkin Arrow
39:39 Forging
39:31 Scale Mail Armor
39:33 Padded Archer Armor
47:15 Imperial Age
46:08 Iron Casting
45:51 Chain Mail Armor
46:54 Ballistics
47:26 Bow Saw
49:00 Elite Plumed Archer
55:19 Chemistry
55:12 Holcans
55:46 Bracer
57:01 Gold Mining
58:12 Elite Eagle Warrior
60:25 Conscription
61:14 Blast Furnace
60:45 Plate Mail Armor
60:39 Leather Archer Armor
62:09 Arson
62:16 Town Watch
63:07 Wheelbarrow
66:14 Onager
dublin4017
7:35 Loom
10:42 Feudal Age
11:19 Double-Bit Axe
19:42 Forging
19:38 Scale Barding Armor
19:24 Town Watch
20:08 Gold Mining
22:35 Castle Age
22:09 Fletching
27:56 Stone Mining
33:53 Bodkin Arrow
37:41 Wheelbarrow
37:59 Bow Saw
42:12 Gold Shaft Mining
44:23 Imperial Age
44:11 Chain Barding Armor
44:27 Iron Casting
43:15 Elite Skirmisher
46:08 Chemistry
45:29 Ballistics
45:48 Cavalier
46:33 Husbandry
47:27 Conscription
48:01 Fervor
51:50 Hand Cart
51:46 Town Patrol
53:21 Blast Furnace
52:57 Plate Barding Armor
55:18 Padded Archer Armor
57:13 Leather Archer Armor
59:23 Scale Mail Armor
60:43 Murder Holes
61:33 Paladin
Connection lost

Rejoining the realm…

Still unreachable

The connection could not be restored.

Session expired

The server has moved on; the page needs a fresh start.